 Dungeon Crawl Stone Soup version 0.18-a0-1685-g4482fe3 (webtiles) character file.

4040 Heskey the Fighter (level 10, -14/117 HPs)
             Began as an Ogre Berserker on Apr 4, 2016.
             Was an Elder of Trog.
             Demolished by Gastronok (27 damage)
             ... on level 9 of the Dungeon.
             The game lasted 00:26:28 (9488 turns).

Heskey the Fighter (Ogre Berserker)                 Turns: 9488, Time: 00:26:29

Health: -14/117    AC:  5    Str: 27    XL:     10   Next: 24%
Magic:  0/10       EV: 12    Int:  6    God:    Trog [****..]
Gold:   400        SH:  0    Dex:  9    Spells: 0 memorised, 9 levels left

rFire  . . .     SeeInvis .     L - +0 giant club
rCold  . . .     Gourm    .     b - +1 animal skin
rNeg   . . .     Faith    .     (shield currently unavailable)
rPois  +         Spirit   +     (helmet restricted)
rElec  .         Dismiss  .     a - +0 cloak
rCorr  .         Reflect  .     (gloves unavailable)
SustAt .         Harm     .     (boots unavailable)
MR     +++..                    u - amulet of guardian spirit
Stlth  +.........               (no ring)
                                r - ring of poison resistance

@: exhausted, regenerating, slowed, drained, very slow, extremely resistant to
hostile enchantments, very unstealthy
A: unfitting armour, tough skin 1
a: Berserk, Trog's Hand, Brothers in Arms, Burn Spellbooks, Renounce Religion


You were on level 9 of the Dungeon.
You worshipped Trog.
Trog was greatly pleased with you.
You were not hungry.

You visited 2 branches of the dungeon, and saw 10 of its levels.

You collected 400 gold pieces.

Inventory:

Hand Weapons
 L - a +0 giant club (weapon)
Missiles
 x - a throwing net (quivered)
Armour
 a - a +0 cloak (worn)
 b - a +1 animal skin (worn)
Jewellery
 r - a ring of poison resistance (left hand)
 u - an amulet of guardian spirit (around neck)
 F - an uncursed ring of protection from cold {unknown}
 K - a +4 ring of intelligence {unknown}
Wands
 e - a wand of flame (20/48)
 q - a wand of random effects (48/48)
 t - a wand of confusion (19/48)
 y - a wand of polymorph (9/24)
 C - a wand of confusion (33/48)
 D - a wand of flame (25/48)
 H - a wand of flame (22/48)
Scrolls
 d - a scroll of amnesia
 f - 2 scrolls of enchant armour
 h - 3 scrolls of teleportation
 l - a scroll of fog
 m - 6 scrolls of identify
 p - 3 scrolls of remove curse
 G - a scroll of recharging
Potions
 g - 2 potions of haste
 i - 2 potions of brilliance
 j - a potion of heal wounds
 n - 3 potions of curing
 s - a potion of degeneration {unknown}
 v - a potion of magic
 w - 2 potions of berserk rage {unknown}
 z - a potion of flight
 A - a potion of resistance
 B - a potion of agility {unknown}
 I - a potion of mutation {unknown}
Books
 o - a book of Hinderance

   Spells                             Type                      Level
   a - Confusing Touch                Hexes                        2
   b - Confuse                        Hexes                        3
   c - Gell's Gravitas                Hexes/Translocation          3
   d - Petrify                        Transmutation/Earth          4
   e - Metabolic Englaciation         Hexes/Ice                    5
   f - Yara's Violent Unravelling     Hexes/Transmutation          5
   Trog disapproves of the use of such an item.
 J - a book of Conjurations

   Spells                             Type                      Level
   a - Magic Dart                     Conjuration                  1
   b - Searing Ray                    Conjuration                  2
   c - Dazzling Spray                 Conjuration/Hexes            3
   d - Fulminant Prism                Conjuration/Hexes            4
   e - Iskenderun's Mystic Blast      Conjuration                  4
   f - Iskenderun's Battlesphere      Conjuration/Charms           5
   Trog disapproves of the use of such an item.
Comestibles
 c - 12 bread rations
 k - a meat ration


   Skills:
 * Level 12.5(12.0) Fighting
 + Level 9.2(8.7) Maces & Flails
 * Level 2.0(1.6) Armour
 + Level 7.8(7.3) Dodging
 - Level 2.6(2.2) Stealth


You had 9 spell levels left.
You didn't know any spells.

Dungeon Overview and Level Annotations

Branches:
Dungeon (9/15)             Temple (1/1) D:7            Lair (0/8) D:8
    Orc: D:9-12

Altars:
Ashenzari
Dithmenos
Fedhas
Gozag
Nemelex Xobeh
Okawaru
Qazlal
Ru
Trog
Xom
Yredelemnul
The Shining One

Shops:
D:4 *   D:5 *   D:8 **

Annotations:
D:8 exclusions: ice statue and orange crystal statue
D:9 Gastronok


Innate Abilities, Weirdness & Mutations

You are too large for most types of armour.
You have tough skin (AC +1).


Message History

The rat barely misses you. Gastronok bites you.
You closely miss the rat. The bat misses you.
The bat hits you but does no damage. The rat bites you. Gastronok bites you!
* * * LOW HITPOINT WARNING * * *
The bat closely misses you. The rat bites you but does no damage.
The rat misses you. The rat barely misses you. The rat completely misses you.
You bludgeon the rat!!
You kill the rat!
The rat's corpse disappears in a puff of smoke!
The bat closely misses you. The bat hits you but does no damage.
The rat barely misses you.
Gastronok waves his eye-stalks in wide circles.
The air twists around and strikes you!
* * * LOW HITPOINT WARNING * * *
The bat barely misses you.
You hammer Gastronok like a gong!!!
Gastronok is moderately wounded.
The bat hits you but does no damage. The rat closely misses you.
The rat completely misses you. Gastronok bites you!!
You die...

#. #.. . #..# .. #..#
...
#..################....
#......................
#........$w............
#.....).b.@.....(......
#........r.............
#.)....................
#.################.....
#.# ...## #.# ..#
#.################>..#
#.....................
#.########..........


You could see Gastronok, a bat and a rat.

Vanquished Creatures
  Joseph (D:8)
  A two-headed ogre (D:9)
  A hippogriff (D:8)
  Grum (D:8)
  A hungry ghost (D:7)
  A steam dragon (D:7)
  An ice beast (D:5)
  A sky beast (D:9)
  3 orc warriors
  A phantom (D:7)
  4 ogres
  3 wolves (D:8)
  2 centaurs
  Blork the orc (D:5)
  6 giant frogs
  5 wights (D:9)
  A crimson imp (D:7)
  A quasit (D:7)
  A wasp zombie (D:7)
  A jelly (D:5)
  2 orc priests
  A centaur skeleton (D:4)
  A hound (D:7)
  5 worker ants
  4 iguanas
  Ijyb (D:3)
  10 orc wizards
  2 hound zombies (D:6)
  4 gnolls (D:3)
  7 adders
  3 shadow imps
  An ooze (D:5)
  An adder skeleton (D:8)
  A worm (D:3)
  A dart slug (D:3)
  5 giant geckos
  23 orcs
  5 giant cockroaches
  10 goblins (D:3)
  10 hobgoblins
  13 jackals
  7 kobolds
  3 quokkas
  2 ball pythons (D:3)
  8 bats
  A giant gecko zombie (D:5)
  3 giant newts
  5 rats
176 creatures vanquished.

Notes
Turn   | Place    | Note
--------------------------------------------------------------
     0 | D:1      | Heskey the Ogre Berserker began the quest for the Orb.
     0 | D:1      | Reached XP level 1. HP: 24/24 MP: 1/1
   249 | D:1      | Reached XP level 2. HP: 27/33 MP: 2/2
   413 | D:1      | Reached ** piety under Trog
   592 | D:1      | Reached XP level 3. HP: 41/41 MP: 3/3
   845 | D:1      | Reached skill level 5 in Fighting
  1016 | D:2      | Found a sparkling altar of Nemelex Xobeh.
  1177 | D:2      | Reached XP level 4. HP: 32/50 MP: 4/4
  1627 | D:3      | Reached XP level 5. HP: 59/59 MP: 5/5
  1632 | D:3      | Reached skill level 6 in Fighting
  1782 | D:3      | Found an opulent altar of Gozag.
  2050 | D:3      | Found a shattered altar of Ashenzari.
  2116 | D:3      | Found a sacrificial altar of Ru.
  2120 | D:3      | Found a stormy altar of Qazlal.
  2437 | D:3      | Reached *** piety under Trog
  2905 | D:3      | Noticed Ijyb
  2919 | D:3      | Killed Ijyb
  2919 | D:3      | Reached skill level 5 in Maces & Flails
  3506 | D:4      | Reached XP level 6. HP: 68/68 MP: 4/6
  3674 | D:4      | Found Beleuxet's General Store.
  3972 | D:5      | Entered Level 5 of the Dungeon
  4165 | D:5      | Found Fopeozxyss's General Store.
  4197 | D:5      | Reached skill level 7 in Fighting
  4620 | D:5      | Noticed Blork the orc
  4633 | D:5      | Killed Blork the orc
  4633 | D:5      | Reached skill level 1 in Stealth
  4633 | D:5      | Reached XP level 7. HP: 46/78 MP: 5/7
  4903 | D:5      | Reached skill level 5 in Dodging
  5038 | D:6      | Found a shimmering altar of Xom.
  5040 | D:6      | Found a shimmering altar of Xom.
  5113 | D:6      | Found a blossoming altar of Fedhas.
  5119 | D:6      | Found an iron altar of Okawaru.
  5178 | D:6      | Reached skill level 8 in Fighting
  5270 | D:6      | Found a shattered altar of Ashenzari.
  5893 | D:6      | Reached XP level 8. HP: 55/89 MP: 5/8
  6078 | D:7      | Found a staircase to the Ecumenical Temple.
  6122 | D:7      | Reached skill level 9 in Fighting
  6501 | D:7      | Reached **** piety under Trog
  6754 | D:7      | Reached skill level 10 in Fighting
  6980 | D:7      | Reached XP level 9. HP: 87/101 MP: 6/9
  7442 | Temple   | Entered the Ecumenical Temple
  7629 | D:8      | Found Akli's Demolitions Depot.
  7817 | D:8      | Noticed Grum
  7831 | D:8      | Reached skill level 11 in Fighting
  7839 | D:8      | Killed Grum
  7859 | D:8      | Found a staircase to the Lair.
  8157 | D:8      | Noticed an orange crystal statue
  8361 | D:8      | Found Ziluem's General Store.
  8383 | D:8      | Noticed an ice statue
  8414 | D:8      | Noticed Joseph
  8431 | D:8      | Killed Joseph
  8431 | D:8      | Reached skill level 1 in Armour
  8708 | D:8      | Reached skill level 12 in Fighting
  8819 | D:8      | Reached ***** piety under Trog
  8826 | D:8      | Reached XP level 10. HP: 115/115 MP: 10/10
  9457 | D:9      | Noticed Gastronok
  9488 | D:9      | Demolished by Gastronok

Vault maps used:
D:1:      dpeg_arrival_tiny_a, st_stairs_14, kennysheep_another_room,
          wad_floor_pattern_untrapped, minivault_14, minmay_misc_feat_tiny
D:2:      nemelex_altar_shiori
D:3:      kennysheep_goblin_castle,
          nicolae_gozag_cash_rules_everything_around_me,
          minmay_overflow_temple_star_quad
D:4:      serial_shops, shop_statue
D:5:      serial_shops, shop, first_bread, uniq_blork_the_orc
D:6:      minmay_klotski, amethyst_overflow_temple_binary, xom_redecorated,
          nicolae_ashenzari_panopticon
D:7:      minmay_temple_entry_purple_smoke
D:8:      minmay_separated_statues, lair_0_dummy, serial_shops,
          nicolae_shop_waterfront, nicolae_blasting_shop, uniq_joseph, uniq_grum
D:9:      blue_anna_alchemist, yredelemnul_altar_generic, uniq_gastronok
Temple:   circular_temple_12

Skill      XL: |  1  2  3  4  5  6  7  8  9 10 |
---------------+-------------------------------+-----
Dodging        | 3 4 5 6 7 |  7.8
Fighting       | 5 6 7 8 10 12 | 12.5
Maces & Flails | 5 6 7 8 9 |  9.2
Stealth        | 1 2 |  2.6
Armour         | 1 2 |  2.0

Action                   |  1- 3 |  4- 6 |  7- 9 | 10-12 || total
-------------------------+-------+-------+-------+-------++-------
Melee: Mace              |   122 |    41 |       |       ||   163
       Flail             |       |   151 |    33 |       ||   184
       Morningstar       |       |       |   263 |    43 ||   306
       Giant club        |       |       |       |    11 ||    11
Invok: Berserk           |       |     5 |     5 |     2 ||    12
       Trog's Hand       |       |       |       |     1 ||     1
Evoke: Wand              |       |       |       |     2 ||     2
  Use: Scroll            |       |    13 |       |       ||    13
       Potion            |       |     9 |       |       ||     9
 Stab: Sleeping          |       |     1 |     2 |       ||     3
       Distracted        |       |     1 |       |       ||     1
  Eat: Chunk             |     1 |     9 |    13 |       ||    23
       Meat ration       |       |     1 |     2 |     1 ||     4
       Pizza             |       |     1 |       |       ||     1
       Royal jelly       |       |       |     1 |       ||     1
